 Dungeon Crawl Stone Soup version 0.29.1-2-gbd0b4ee654 (webtiles) character file.

Game seed: 4345626405877447462

224 zeram the Cudgeller (level 5, -5/53 HPs)
             Began as a Troll Fighter on Nov 3, 2022.
             Splashed by a jelly's acid (8 damage)
             ... on level 4 of the Dungeon.
             The game lasted 00:03:59 (1586 turns).

zeram the Cudgeller (Troll Fighter)                 Turns: 1586, Time: 00:04:00

Health: -5/53      AC:  4    Str: 22 (24) XL:     5   Next: 67%
Magic:  5/5        EV:  8    Int:  6      God:
Gold:   126        SH:  6    Dex:  6 (9)  Spells: 6/6 levels left

rFire   . . .      SeeInvis .   a - +1 flail
rCold   + . .      Faith    .   c - +0 kite shield
rNeg    . . .      Spirit   .   b - +0 robe
rPois   .          Reflect  .   (helmet restricted)
rElec   .          Harm     .   (no cloak)
rCorr   .          Rampage  .   (gloves unavailable)
Will    .....                   (boots unavailable)
Stlth   +.........              (no amulet)
HPRegen 0.97/turn               f - ring of protection from cold
MPRegen 0.09/turn               (no ring)

@: about to teleport
A: large, unfitting armour, claws 3, regeneration 1, shaggy fur 1, tough skin 1,
wild magic 1, MP-powered wands
a: no special abilities


You were on level 4 of the Dungeon.
You visited 1 branch of the dungeon, and saw 4 of its levels.

You collected 126 gold pieces.

Inventory:

Hand Weapons
 a - a +1 flail (weapon)
Armour
 b - a +0 robe (worn)
 c - a +0 kite shield (worn)
Jewellery
 f - a ring of protection from cold (left claw)
Wands
 h - a wand of flame (19)
Scrolls
 e - a scroll of enchant weapon
Potions
 g - a potion of mutation
 l - a potion of degeneration


   Skills:
 + Level 3.1 Fighting
 + Level 3.6 Maces & Flails
 + Level 3.2 Dodging
 - Level 2.6 Shields
 * Level 1.2 Spellcasting


You had 6 spell levels left.
You didn't know any spells.
Your spell library contained the following spells:

 Spells                   Type           Power      Damage    Failure   Level
 Shock                    Conj/Air       0%         1d3       80%         1
 Swiftness                Air            0%         N/A       98%         3
 Airstrike                Air            0%         2d(0-16)  100%        4


Dungeon Overview and Level Annotations

Branches:
Dungeon (4/15)
 Temple: D:4-7

Altars:

Annotations:
D:3 Robin


Innate Abilities, Weirdness & Mutations

You are too large for most types of armour.
You have claws for hands.
Your natural rate of healing is unusually fast.
You are covered in fur. (AC +1)
You have tough skin. (AC +1)
Your spells are a little harder to cast, but a little more powerful.
You expend magic power (3 MP) to strengthen your wands.


Message History

The ball python bites you but does no damage.
The hound closely misses you.
You sock the hound!
You kill the hound!
The hobgoblin barely misses you.
An iguana comes into view.
You block the ball python's attack.
You hit the jelly.
Your claws burn!
The jelly is moderately wounded.
The hobgoblin closely misses you. The jelly hits you.
You are splashed with acid!
The ball python bites you.
The ball python bites you but does no damage.
The hobgoblin hits you. The jelly barely misses you.
You are too injured to fight recklessly!
You are too injured to fight recklessly!
You are too injured to fight recklessly!
You are too injured to fight recklessly!
You are too injured to fight recklessly!
You are too injured to fight recklessly!
You sock the jelly!
Your claws burn!
The jelly is almost dead.
The ball python closely misses you. The hobgoblin hits you.
The jelly barely misses you.
You completely miss the jelly.
The jelly is almost dead.
The ball python bites you but does no damage.
The hobgoblin closely misses you. The jelly hits you.
You are splashed with acid!
* * * LOW HITPOINT WARNING * * *
The ball python barely misses you. You block the hobgoblin's attack.
The jelly hits you but does no damage.
As you read the scroll of teleportation, it crumbles to dust.
You feel strangely unstable.
The ball python bites you but does no damage.
The hobgoblin hits you.
* * * LOW HITPOINT WARNING * * *
The jelly hits you.
* * * LOW HITPOINT WARNING * * *
You are splashed with acid!
You die...

.........##
####.(.
.......##......#
###.
........####...#
## ........##
##..# ##
.........# ##..#
##.
.........###...#
#..
...............#
#..
......S........#
#..#
......g@...##..#
#.#
......J....#####
#. ......l....#
# .............
..............#
........####..#
........# #.# ##
.......## .. #.
#.


You could see an iguana, a jelly, a hobgoblin (strong) and a ball python.

Vanquished Creatures
  A necrophage (D:4)
  A hound (D:4)
  An iguana (D:4)
  2 adders
  A gnoll (D:4)
  An ufetubus (D:4)
  2 worms
  2 dart slugs
  2 orcs
  3 bats (D:2)
  5 endoplasms
  3 giant cockroaches
  10 goblins
  5 hobgoblins
  2 jackals (D:1)
  11 kobolds
  2 quokkas
  6 ball pythons
  A frilled lizard (D:1)
  4 rats
65 creatures vanquished.

Notes
Turn   | Place    | Note
-------+----------+-------------------------------------------
     0 | D:1      | zeram the Troll Fighter began the quest for the Orb.
     0 | D:1      | Reached XP level 1. HP: 22/22 MP: 0/0
   115 | D:1      | Reached XP level 2. HP: 29/29 MP: 1/1
   410 | D:1      | Reached XP level 3. HP: 36/36 MP: 2/2
  1172 | D:3      | Noticed Robin
  1181 | D:3      | Reached XP level 4. HP: 33/44 MP: 4/4
  1197 | D:3      | You fall into a shaft and drop 1 floor!
  1217 | D:4      | Noticed a necrophage
  1242 | D:4      | Reached skill level 1 in Spellcasting
  1242 | D:4      | Gained mutation: You expend magic power (3 MP) to
                  | strengthen your wands. [potion of mutation]
  1242 | D:4      | Gained mutation: Your spells are a little harder to cast,
                  | but a little more powerful. [potion of mutation]
  1254 | D:4      | Killed a necrophage
  1255 | D:4      | Reached XP level 5. HP: 18/53 MP: 5/5
  1586 | D:4      | Splashed by a jelly's acid

Illustrated notes

Levels and vault maps discovered:
D:1:      nicolae_arrival_somewhat_less_tricky_arrival, layout_rooms,
          minmay_stone_trees_medium
D:2:      layout_loops_ring, wad_floor_pattern_2, amcnicky_mini_corridor_feature
D:3:      layout_rooms, mainiacjoe_overflow_boulevard, grunt_ministairs_2,
          minmay_gold_behind_fungi, dreamdust_wishing_well,
          grunt_decor_fettered, kennysheep_generic_room_14, uniq_robin
D:4:      minmay_recursive_quarters, layout_layer_cave, minmay_misc_feat_pillars

Skill      XL: |  1  2  3  4 |
---------------+-------------+-----
Maces & Flails | 2 3 |  3.6
Dodging        | 3 |  3.2
Spellcasting   | 1 |  1.2
Fighting       | 3 |  3.1
Shields        | |  2.6

Action                   |  1- 3 |  4- 6 || total
-------------------------+-------+-------++-------
Melee: Flail             |   110 |    57 ||   167
  Use: Scroll            |     2 |     2 ||     4
       Potion            |       |     5 ||     5
Armor: Robe              |    51 |    43 ||    94
Dodge: Dodged            |    44 |    42 ||    86
Block: Kite shield       |    45 |    30 ||    75
